 Dungeon Crawl Stone Soup version 0.23-a0-61-g4bf3f6c (webtiles) character file.

326 topirishpotato the Caller (level 6, -16/41 HPs)
             Began as a Merfolk Summoner on Aug 9, 2018.
             Was an Initiate of Sif Muna.
             Killed from afar by a guardian golem (28 damage)
             ... with an exploding inner flame
             ... summoned by the player character
             ... on level 5 of the Dungeon.
             The game lasted 00:30:11 (6147 turns).

topirishpotato the Caller (Merfolk Summoner)        Turns: 6147, Time: 00:30:11

Health: -16/41     AC:  5    Str: 10    XL:     6   Next: 49%
Magic:  7/11       EV: 13    Int: 17    God:    Sif Muna [......]
Gold:   293        SH:  0    Dex: 18    Spells: 5/12 levels left

rFire    . . .     SeeInvis .   m - +0 spear
rCold    . . .     Gourm    .   (no shield)
rNeg     . . .     Faith    .   a - +0 robe
rPois    .         Spirit   .   (no helmet)
rElec    .         Reflect  .   n - +1 cloak
rCorr    .         Harm     .   (no gloves)
MR       +....                  o - +0 pair of boots
Stlth    ++........             f - amulet of magic regeneration
HPRegen  0.13/turn              (no ring)
MPRegen  0.37/turn              (no ring)

@: very slightly contaminated
A: change form in water, swift swim, stealthy swim, agile 2, clever 1, magic
resistance 1
a: Renounce Religion


You were on level 5 of the Dungeon.
You worshipped Sif Muna.
Sif Muna was noncommittal.
You were near starving.

You visited 1 branch of the dungeon, and saw 5 of its levels.

You collected 293 gold pieces.

Inventory:

Hand Weapons
 c - a +0 short sword
 m - a +0 spear (weapon)
Missiles
 h - a throwing net (quivered)
Armour
 a - a +0 robe (worn)
 e - a +0 ring mail
 n - a +1 cloak (worn)
 o - a +0 pair of boots (worn)
Jewellery
 f - an amulet of magic regeneration (around neck)
 u - an uncursed amulet of guardian spirit {unknown}
Wands
 p - a wand of iceblast (13)
Scrolls
 g - a scroll of fog {unknown}
 j - 6 scrolls of remove curse
 k - 2 scrolls of fear
 r - a scroll of teleportation
 s - 2 scrolls of identify
 v - a scroll of amnesia
Potions
 b - a potion of mutation
 d - a potion of heal wounds
 i - 2 potions of resistance
 l - a potion of lignification
 q - 2 potions of ambrosia
Comestibles
 t - 6 rations


   Skills:
 * Level 2.5 Polearms
 - Level 2.6 Dodging
 + Level 2.2 Stealth
 + Level 3.5 Spellcasting
 * Level 1.2 Hexes
 + Level 6.2 Summonings


You had 5 spell levels left.
You knew the following spells:

 Your Spells              Type           Power        Failure   Level  Hunger
a - Summon Small Mammal   Summ           ###.         1%          1    None
b - Call Canine Familiar  Summ           ###.....     3%          3    ###....
c - Summon Guardian Gole  Hex/Summ       ###.....     11%         3    ###....

Your spell library contained the following spells:

 Spells                   Type           Power        Failure   Level  Hunger
 Summon Ice Beast         Ice/Summ       ##......     41%         4    ####...
 Call Imp                 Summ           ###.....     1%          2    ##.....
 Spider Form              Tmut/Pois      #.........   45%         3    ###....
 Blade Hands              Tmut           #.........   99%         5    ######.
 Ice Form                 Ice/Tmut       #.......     86%         4    ####...
 Sticks to Snakes         Tmut           #.......     26%         2    ##.....
 Beastly Appendage        Tmut           #.....       17%         1    None
 Summon Lightning Spire   Summ/Air       ##......     41%         4    ####...


Dungeon Overview and Level Annotations

Branches:
Dungeon (5/15)
 Temple: D:4-7

Altars:
Okawaru
Sif Muna


Innate Abilities, Weirdness & Mutations

You revert to your normal form in water.
You are very nimble and swift while swimming.
You are very stealthy in the water. (Stealth+)
You are very agile. (Dex +4)
Your mind is acute. (Int +2)
You are resistant to hostile enchantments. (MR+)


Message History

The ice beast is moderately wounded.
The ice beast hits your guardian golem.
The ice beast freezes your guardian golem.
Your guardian golem resists.
Your quokka barely misses the ice beast.
Attack whom?
Press: ? - help, Dir - move target cursor, f/p - ice beast
Aim: an ice beast (moderately wounded)
You reach to attack!
You barely miss the ice beast.
The ice beast is moderately wounded.
Your quokka bites the ice beast.
The ice beast hits your guardian golem.
The ice beast freezes your guardian golem.
Your guardian golem resists.
Your guardian golem explodes!
The fiery explosion engulfs your quokka.
Your quokka dies!
Your quokka's corpse disappears in a puff of smoke!
The fiery explosion engulfs you!
Ouch! That really hurt!
You die...

,,***,,* ######.#..# #.##.##.
,,,,,,,* #.........# #.....).
,,*,,*,* #.####.#.## ####.###
,,,,*,,**##.# #.#.# #.#
,,,,,,,,,,..# #.#.# #.#
,,,*******#.# #.#.# ##.##
,,,****####.## #.#.# #...#
,,,,,,,[[....# #h#.# #.#.#
***,****##...###@#.# #...## *
*#.####.....##§#.##########.#h#
#.........§§§Y§.#....†..†.###. *
*#.##.......######.########.#h#
***,**#..#.....................##
,,,,....†..#.########.##########
**#Y######...# *.# *,* #.#.# *.#
*,* *#.#.#*******.#


You could see an ice beast and a friendly hound.

Vanquished Creatures
  A worker ant (D:5)
  2 adders
  2 leopard geckos
  A ball python (D:2)
  4 goblins
  3 hobgoblins
  2 jackals (D:5)
  2 bats (D:3)
  A frilled lizard (D:2)
  3 kobolds
21 creatures vanquished.

Vanquished Creatures (collateral kills)
  An ogre (D:5)
  2 crimson imps (D:5)
  A hound (D:4)
  Ijyb (D:3)
  Natasha (twice) (D:3)
  3 worker ants
  A worker ant zombie (D:5)
  4 gnolls
  4 adders
  2 worms
  A leopard gecko (D:3)
  9 orcs
  3 giant cockroaches
  3 goblins
  3 hobgoblins
  5 jackals (D:5)
  A quokka (D:5)
  11 bats
  3 frilled lizards
  A giant cockroach zombie (D:5)
  8 kobolds
  2 rats
71 creatures vanquished.

Vanquished Creatures (others)
  An orc wizard (D:3)
1 creature vanquished.

Grand Total: 93 creatures vanquished

Notes
Turn   | Place    | Note
-------+----------+-------------------------------------------
     0 | D:1      | topirishpotato the Merfolk Summoner began the quest for the Orb.
     0 | D:1      | Reached XP level 1. HP: 13/13 MP: 3/3
  1107 | D:1      | Reached XP level 2. HP: 10/19 MP: 1/5
  2095 | D:2      | Reached XP level 3. HP: 11/24 MP: 6/6
  2792 | D:2      | Learned a level 3 spell: Call Canine Familiar
  2819 | D:2      | Reached skill level 5 in Summonings
  2872 | D:2      | Reached XP level 4. HP: 15/30 MP: 7/7
  3021 | D:2      | Learned a level 3 spell: Summon Guardian Golem
  3678 | D:3      | Noticed Ijyb
  3704 | D:3      | Killed Ijyb
  3796 | D:3      | Noticed Natasha
  3802 | D:3      | Killed Natasha
  3802 | D:3      | Reached skill level 1 in Polearms
  3900 | D:3      | Found a deep blue altar of Sif Muna.
  3909 | D:3      | Became a worshipper of Sif Muna the Loreminder
  4286 | D:3      | Reached XP level 5. HP: 35/35 MP: 7/9
  4352 | D:3      | Noticed Natasha
  4364 | D:3      | Killed Natasha
  5316 | D:5      | Entered Level 5 of the Dungeon
  5316 | D:5      | Noticed an ogre
  5357 | D:5      | Killed an ogre
  5357 | D:5      | Reached XP level 6. HP: 41/41 MP: 2/11
  5373 | D:5      | Reached skill level 1 in Hexes
  5373 | D:5      | Reached skill level 6 in Summonings
  5679 | D:5      | Gained mutation: Your mind is acute. (Int +2) [potion of mutation]
  5679 | D:5      | Gained mutation: You are agile. (Dex +2) [potion of mutation]
  5679 | D:5      | Gained mutation: You are resistant to hostile enchantments. (MR+) [potion of mutation]
  5679 | D:5      | Gained mutation: You are very agile. (Dex +4) [potion of mutation]
  5702 | D:5      | Found an iron altar of Okawaru.
  6011 | D:5      | Noticed an ice beast
  6147 | D:5      | Killed from afar by a guardian golem

Vault maps used:
D:1:      matt_arrival_debris, minmay_misc_feat_hallway
D:3:      tgw_sif, uniq_ijyb, uniq_natasha
D:4:      first_ration
D:5:      nicolae_overflow_crystal_walls, feat_on_display

Skill      XL: |  1  2  3  4  5  6 |
---------------+-------------------+-----
Summonings     | 5 6 |  6.2
Polearms       | 1 2 |  2.5
Spellcasting   | 3 |  3.5
Hexes          | 1 |  1.2
Dodging        | |  2.6
Stealth        | |  2.2

Action                   |  1- 3 |  4- 6 || total
-------------------------+-------+-------++-------
Melee: Unarmed           |    37 |       ||    37
       Short sword       |    24 |       ||    24
       Spear             |     3 |   113 ||   116
 Cast: Summon Small Mamm |    45 |    43 ||    88
       Call Canine Famil |     2 |    27 ||    29
       Summon Guardian G |       |     9 ||     9
  Use: Scroll            |     2 |     9 ||    11
       Potion            |     2 |     1 ||     3
 Stab: Sleeping          |     1 |     2 ||     3
       Distracted        |       |     2 ||     2
  Eat: Ration            |     1 |       ||     1
       Chunk             |     3 |    14 ||    17
Armor: Robe              |     5 |    41 ||    46
       Ring mail         |    10 |       ||    10
Dodge: Dodged            |    59 |    78 ||   137

Table legend:
 A = Non-vault XP
 B = Vault XP
 C = Vault XP percentage of total XP
 D = Non-vault monster count
 E = Vault monster count
 F = Vault count percentage of total count
 G = Total turns spent on level
                 A         B        C        D         E       F
            +---------+---------+-------+---------+---------+-------
      Total |     428 |      38 |   8.2 |      90 |       3 |   3.2
            +---------+---------+-------+---------+---------+-------
        D:1 |      23 |       0 |   0.0 |      13 |       0 |   0.0
        D:2 |      65 |       0 |   0.0 |      26 |       0 |   0.0
        D:3 |      62 |      38 |  38.0 |      26 |       3 |  10.3
        D:4 |      73 |       0 |   0.0 |       5 |       0 |   0.0
        D:5 |     205 |       0 |   0.0 |      20 |       0 |   0.0
            +---------+---------+-------+---------+---------+-------
